 Dungeon Crawl Stone Soup version 0.22.1-6-g1668fe2 (webtiles) character file.

15747 Fang the Cleaver (level 12, -14/77 HPs)
             Began as a Gargoyle Berserker on Jan 24, 2019.
             Was a High Priest of Trog.
             Demolished by a death yak (19 damage)
             ... on level 2 of the Lair of Beasts.
             The game lasted 00:25:07 (14288 turns).

Fang the Cleaver (Gargoyle Berserker)              Turns: 14288, Time: 00:25:08

Health: -14/77     AC: 15    Str: 35      XL:     12   Next: 30%
Magic:  4/4        EV: 13    Int:  8 (9)  God:    Trog [*****.]
Gold:   639        SH:  0    Dex: 12      Spells: 11/11 levels left

rFire    . . .     SeeInvis .   O - +6 executioner's axe (antimagic)
rCold    + . .     Gourm    +   (shield currently unavailable)
rNeg     + . .     Faith    .   v - +1 leather armour of Gallantry {rPois Str+4}
rPois    ∞         Spirit   .   i - +0 helmet "Enef" {Str+2}
rElec    +         Reflect  .   (no cloak)
rCorr    .         Harm     .   (no gloves)
MR       .....     Clarity  +   (no boots)
Stlth    ++........             o - amulet of the gourmand
HPRegen  0.22/turn              E - +3 ring of dexterity
MPRegen  0.09/turn              H - +4 ring of strength

@: berserk cooldown, slowed, very slow
A: clarity, cold resistance 1, deterioration 1, mutation resistance 1, negative
energy resistance 1, sense surroundings 1, electricity resistance, unbreathing,
petrification resistance, rot immunity, AC +8
a: Berserk, Trog's Hand, Brothers in Arms, Renounce Religion


You were on level 2 of the Lair of Beasts.
You worshipped Trog.
Trog was extremely pleased with you.
You were very full.

You visited 3 branches of the dungeon, and saw 14 of its levels.
You also visited: Sewer and Ossuary.

You collected 639 gold pieces.

Inventory:

Hand Weapons
 D - a +5 battleaxe
 O - a +6 antimagic executioner's axe (weapon)
Armour
 i - the +0 helmet "Enef" (worn) {Str+2}
   (You took it off Robin on level 2 of the Dungeon)

   It affects your strength (+2).
 v - the +1 leather armour of Gallantry (worn) {rPois Str+4}
   (You found it on level 1 of the Lair of Beasts)

   It affects your strength (+4).
   It protects you from poison.
 N - a +0 plate armour
Jewellery
 o - an amulet of the gourmand (around neck)
 E - a +3 ring of dexterity (left hand)
 G - an uncursed ring of stealth
 H - a +4 ring of strength (right hand)
 K - an uncursed ring of protection from cold
Wands
 p - a wand of random effects (7)
 r - a wand of polymorph (16)
 x - a wand of paralysis (15)
 y - a wand of flame (38)
 I - a wand of clouds (6)
 J - a wand of acid (9)
Scrolls
 a - 3 scrolls of magic mapping
 d - 12 scrolls of identify
 f - 2 scrolls of teleportation
 j - 2 scrolls of fog
 k - 4 scrolls of fear
 s - 2 scrolls of blinking
 C - a scroll of remove curse
Potions
 b - a potion of might
 e - a potion of brilliance
 g - 5 potions of heal wounds
 h - 3 potions of curing
 l - 3 potions of lignification
 m - 5 potions of agility
 q - 2 potions of cancellation
 u - 2 potions of resistance
 w - 3 potions of haste
 L - a potion of flight
Comestibles
 c - 27 rations
 n - 7 chunks of flesh


   Skills:
 + Level 10.1 Fighting
 + Level 13.6 Axes
 - Level 9.1 Armour
 + Level 4.1 Dodging
 + Level 1.6 Stealth


You had 11 spell levels left.
You didn't know any spells.
Your spell library was empty.

Dungeon Overview and Level Annotations

Branches:
Dungeon (11/15)            Temple (1/1) D:4            Lair (2/6) D:8
    Orc (0/2) D:10
  Swamp: Lair:2-4    Shoals: Lair:2-4     Snake: Lair:2-4    Spider: Lair:2-4

Altars:
Ashenzari
Cheibriados
Dithmenos
Fedhas
Nemelex Xobeh
Okawaru
Trog

Shops:
D:4 (   D:5 ?   D:7 ?   D:9 *?%(:

Portals:
Ice
Cave: Lair:2

Annotations:
D:6 2 transporters, orangequarter's ghost, novice DsBe
D:11 2 runed doors, exclusion: orange crystal statue, Erolcha


Innate Abilities, Weirdness & Mutations

You are resistant to torment.
Your stone body is resilient. (AC +8)
You are immune to poison.
You resist negative energy. (rN+)
You are resistant to electric shocks. (rElec)
You can survive without breathing.
You are immune to petrification.
You are immune to rotting.
You possess an exceptional clarity of mind.
Your flesh is cold resistant. (rC+)
Your body sometimes deteriorates upon taking damage.
You are somewhat resistant to further mutation.
You passively map a small area around you.


Message History

The death yak gores you! The death yak gores you.
The death yak gores the fungus!
The death yak gores you!
* * * LOW HITPOINT WARNING * * *
Your body deteriorates!
You feel dopey. The death yak gores you!
* * * LOW HITPOINT WARNING * * *
You are too injured to fight recklessly!
Unknown command.
Unknown command.
Unknown command.
You feel much better. The death yak completely misses you.
The death yak gores the fungus!!
The death yak gores you but does no damage.
The death yak gores the fungus.
The death yak gores you!!
* * * LOW HITPOINT WARNING * * *
Your iron troll goes berserk!
You feel quite a bit less full. The death yak closely misses you.
The death yak gores you but does no damage.
The death yak gores the fungus!
The death yak gores you!!
You die...

.........#†## *
* ,
...........##
.......##..# ,
, ,
.......##..####
,......≈.#..#.#
.......#≈†...#
*
....#..≈#≈T###
. #...≈#††# ,
#.....≈@# , *
#∩....YY# ,
#####..YP*, * ,
≈...... , *
......... , ,
............ ,
, ,
,.............
,..............
,


You could see 3 death yaks and a friendly iron troll (berserk).

Vanquished Creatures
  Josephine (D:11)
  A two-headed ogre (D:8)
  A death yak (Lair:2)
  An unseen horror (D:11)
  A black mamba (Lair:1)
  2 gargoyles (D:11)
  A komodo dragon (D:8)
  2 rime drakes (Lair:2)
  2 trolls (D:11)
  Grinder (D:5)
  A merfolk (D:9)
  3 hippogriffs
  Sigmund (D:2)
  12 yaks
  3 wraiths (D:11)
  A vampire (D:10)
  A wyvern (D:10)
  3 porcupines
  3 water moccasins
  2 ice beasts
  2 sky beasts
  Purgy (Sewer)
  7 orc warriors
  A black bear (D:7)
  4 wolves (Lair:2)
  4 ogres
  4 phantoms
  3 centaurs
  3 crocodiles
  3 big kobolds
  9 bullfrogs
  2 scorpions
  13 killer bees
  8 wights
  A water moccasin skeleton (D:7)
  3 howler monkeys
  3 crimson imps
  A bullfrog zombie (D:10)
  5 orc priests
  A gnoll shaman (D:9)
  5 hounds
  3 jellies
  Terence (D:2)
  2 bullfrog skeletons
  3 iguanas
  11 orc wizards
  8 worker ants
  13 mummies (Ossuary)
  Robin (D:2)
  2 worker ant zombies
  7 gnolls
  8 river rats (D:6)
  10 adders
  2 shadow imps
  5 oozes
  An adder skeleton (D:6)
  3 worms
  4 dart slugs
  7 leopard geckos
  25 orcs
  2 giant cockroaches (D:4)
  8 hobgoblins
  5 jackals
  43 kobolds
  11 quokkas
  10 bats
  9 frilled lizards
  A gnoll skeleton (Ossuary)
  14 goblins
  3 goblin skeletons (Ossuary)
  2 kobold skeletons (Ossuary)
  An orc skeleton (Ossuary)
  29 rats
  11 rat skeletons (Ossuary)
  A fungus (Lair:2)
  9 plants
401 creatures vanquished.

Vanquished Creatures (collateral kills)
  A hydra (Lair:1)
  A porcupine (Lair:1)
  4 killer bees (D:9)
  A wight (D:9)
7 creatures vanquished.

Vanquished Creatures (others)
  A goblin skeleton (Ossuary)
  4 plants
5 creatures vanquished.

Grand Total: 413 creatures vanquished

Notes
Turn   | Place    | Note
-------+----------+-------------------------------------------
     0 | D:1      | Fang the Gargoyle Berserker began the quest for the Orb.
     0 | D:1      | Reached XP level 1. HP: 14/14 MP: 1/1
   300 | D:1      | Reached XP level 2. HP: 19/19 MP: 2/2
   392 | D:1      | Reached skill level 3 in Axes
   708 | D:1      | Reached XP level 3. HP: 24/24 MP: 3/3
  1039 | D:2      | Noticed Sigmund
  1051 | D:2      | Killed Sigmund
  1051 | D:2      | Reached skill level 4 in Axes
  1051 | D:2      | Reached XP level 4. HP: 17/29 MP: 4/4
  1051 | D:2      | Reached XP level 5. HP: 19/33 MP: 5/5
  1332 | D:2      | Reached ** piety under Trog
  1345 | D:2      | Noticed Robin
  1358 | D:2      | Killed Robin
  1508 | D:2      | Got a faintly glowing helmet
  1514 | D:2      | Identified the cursed +0 helmet "Enef" {Str+2} (You took it
                  | off Robin on level 2 of the Dungeon)
  1530 | D:2      | Found a sparkling altar of Nemelex Xobeh.
  1532 | D:2      | Noticed Terence
  1558 | D:2      | Killed Terence
  1558 | D:2      | Reached XP level 6. HP: 21/39 MP: 6/6
  1994 | D:2      | Reached skill level 5 in Axes
  2148 | D:2      | Found a shattered altar of Ashenzari.
  2149 | D:2      | Found a shadowy altar of Dithmenos.
  2985 | D:4      | Found Gunoxef's Antique Weapon Emporium.
  3007 | D:4      | Reached *** piety under Trog
  3033 | D:4      | Found a staircase to the Ecumenical Temple.
  3238 | D:4      | Reached XP level 7. HP: 40/44 MP: 7/7
  3265 | D:4      | Found a glowing drain.
  3287 | Sewer    | Entered a sewer
  3340 | Sewer    | Noticed Purgy
  3370 | Sewer    | Killed Purgy
  3888 | Temple   | Entered the Ecumenical Temple
  3910 | D:5      | Entered Level 5 of the Dungeon
  3923 | D:5      | Reached skill level 6 in Axes
  3934 | D:5      | Found a sand-covered staircase.
  3943 | Ossuary  | Entered an ossuary
  4565 | Ossuary  | Reached skill level 1 in Stealth
  4652 | Ossuary  | Reached **** piety under Trog
  5105 | D:5      | Reached skill level 5 in Fighting
  5161 | D:5      | Reached XP level 8. HP: 26/49 MP: 8/8
  5325 | D:5      | Noticed Grinder
  5325 | D:5      | Paralysed by Grinder for 3 turns
  5338 | D:5      | Paralysed by Grinder for 2 turns
  5360 | D:5      | Killed Grinder
  5360 | D:5      | Reached skill level 7 in Axes
  5821 | D:5      | Found Agod's Magic Scroll Shop.
  6283 | D:6      | Found a bloodstained altar of Trog.
  6477 | D:6      | Noticed orangequarter's ghost (novice DsBe)
  6478 | D:6      | Found a transporter.
  6481 | D:6      | Noticed a two-headed ogre
  6483 | D:6      | Found a transporter.
  6593 | D:6      | Reached skill level 5 in Armour
  6656 | D:6      | Reached ***** piety under Trog
  7208 | D:7      | Reached skill level 8 in Axes
  7217 | D:7      | Reached XP level 9. HP: 40/55 MP: 9/9
  7742 | D:7      | Found Yrritt's Magic Scroll Shop.
  8184 | D:7      | Reached skill level 9 in Axes
  8855 | D:8      | Found an iron altar of Okawaru.
  8880 | D:8      | Found a staircase to the Lair.
  8880 | D:8      | Noticed a komodo dragon
  8907 | D:8      | Reached XP level 10. HP: 27/63 MP: 10/10
  8909 | D:8      | Reached skill level 10 in Axes
  9107 | D:8      | Noticed a two-headed ogre
  9113 | D:8      | Killed a two-headed ogre
 10007 | D:9      | Found Jeaduh's Book Emporium.
 10084 | D:9      | Reached skill level 11 in Axes
 10131 | D:9      | Found Rupheigos's Magic Scroll Boutique.
 10182 | D:9      | Found Soarghia's Assorted Antiques.
 10183 | D:9      | Found Worrom's Weapon Emporium.
 10326 | D:9      | Found Ganwa's Food Shoppe.
 10573 | D:10     | Entered Level 10 of the Dungeon
 10579 | D:10     | Received a gift from Trog
 10581 | D:10     | Reached XP level 11. HP: 69/69 MP: 11/11
 11045 | D:10     | HP: 3/69 [orc warrior/glaive (11)]
 11381 | D:10     | Found a staircase to the Orcish Mines.
 11892 | D:11     | Reached skill level 12 in Axes
 11976 | D:11     | Gained mutation: Your spells are a little harder to cast,
                  | but a little more powerful. [potion of mutation]
 11976 | D:11     | Gained mutation: Your spells are harder to cast, but more
                  | powerful. [potion of mutation]
 11976 | D:11     | Gained mutation: You can translocate small distances at
                  | will. [potion of mutation]
 11976 | D:11     | Gained mutation: Your flesh is cold resistant. (rC+)
                  | [potion of mutation]
 11977 | D:11     | Lost mutation: You can translocate small distances at will.
                  | [potion of mutation]
 11977 | D:11     | Lost mutation: Your spells are harder to cast, but more
                  | powerful. [potion of mutation]
 11977 | D:11     | Lost mutation: Your flesh is cold resistant. (rC+) [potion
                  | of mutation]
 11977 | D:11     | Lost mutation: Your spells are a little harder to cast, but
                  | a little more powerful. [potion of mutation]
 11977 | D:11     | Gained mutation: You have a pair of small antennae on your
                  | head. [potion of mutation]
 11977 | D:11     | Gained mutation: You are occasionally teleported next to
                  | monsters. [potion of mutation]
 11977 | D:11     | Gained mutation: You are partially covered in rugged brown
                  | scales. (AC +1, +3% HP) [potion of mutation]
 12114 | D:11     | Lost mutation: You are partially covered in rugged brown
                  | scales. (AC +1, +3% HP) [potion of mutation]
 12114 | D:11     | Lost mutation: You are occasionally teleported next to
                  | monsters. [potion of mutation]
 12114 | D:11     | Lost mutation: You have a pair of small antennae on your
                  | head. [potion of mutation]
 12114 | D:11     | Gained mutation: Your body sometimes deteriorates upon
                  | taking damage. [potion of mutation]
 12114 | D:11     | Gained mutation: You are weak. (Str -2) [potion of
                  | mutation]
 12114 | D:11     | Gained mutation: Your magical capacity is low. (-10% MP)
                  | [potion of mutation]
 12114 | D:11     | Gained mutation: You passively map a small area around you.
                  | [potion of mutation]
 12115 | D:11     | Lost mutation: Your body sometimes deteriorates upon taking
                  | damage. [potion of mutation]
 12115 | D:11     | Lost mutation: You are weak. (Str -2) [potion of mutation]
 12115 | D:11     | Lost mutation: Your magical capacity is low. (-10% MP)
                  | [potion of mutation]
 12115 | D:11     | Gained mutation: You possess an exceptional clarity of
                  | mind. [potion of mutation]
 12115 | D:11     | Gained mutation: Your body sometimes deteriorates upon
                  | taking damage. [potion of mutation]
 12115 | D:11     | Gained mutation: You are somewhat resistant to further
                  | mutation. [potion of mutation]
 12115 | D:11     | Gained mutation: Your flesh is cold resistant. (rC+)
                  | [potion of mutation]
 12139 | D:11     | Found a runed door.
 12146 | D:11     | Noticed Erolcha
 12147 | D:11     | Found the +10 large shield of Ignorance {rN+ Int-4}
 12245 | D:11     | Noticed Josephine
 12248 | D:11     | Killed Josephine
 12691 | D:11     | Found a runed door.
 12692 | D:11     | Noticed an orange crystal statue
 12709 | D:11     | Killed an unseen horror
 12709 | D:11     | Received a gift from Trog
 13196 | Lair:1   | Entered Level 1 of the Lair of Beasts
 13199 | Lair:1   | Noticed a four-headed hydra
 13203 | Lair:1   | Killed a five-headed hydra
 13615 | Lair:1   | Reached skill level 13 in Axes
 13615 | Lair:1   | Reached XP level 12. HP: 73/77 MP: 4/12
 13676 | Lair:1   | Got a scorched leather armour
 13687 | Lair:1   | Identified the +1 leather armour of Gallantry {rPois Str+4}
                  | (You found it on level 1 of the Lair of Beasts)
 14266 | Lair:2   | Found a frozen archway.
 14271 | Lair:2   | Noticed a death yak
 14273 | Lair:2   | Reached skill level 10 in Fighting
 14273 | Lair:2   | Noticed a death yak
 14276 | Lair:2   | Noticed a death yak
 14279 | Lair:2   | Noticed a death yak
 14283 | Lair:2   | Killed a death yak
 14286 | Lair:2   | HP: 1/77 [death yak (11)]
 14288 | Lair:2   | Demolished by a death yak

Skill      XL: |  1  2  3  4  5  6  7  8  9 10 11 12 |
---------------+-------------------------------------+-----
Axes           | 3 4 5 6 8 9 11 13 | 13.6
Fighting       | 4 5 6 7 8 9 10 | 10.1
Dodging        | 2 3 4 |  4.1
Armour         | 3 5 7 8 9 |  9.1
Stealth        | 1 |  1.6

Action                   |  1- 3 |  4- 6 |  7- 9 | 10-12 || total
-------------------------+-------+-------+-------+-------++-------
Melee: Hand axe          |    79 |   224 |   824 |       ||  1127
       Battleaxe         |       |       |    53 |   216 ||   269
       Executioner's axe |       |       |       |   139 ||   139
Invok: Berserk           |     2 |     1 |     3 |     5 ||    11
       Brothers in Arms  |       |       |       |     3 ||     3
  Use: Scroll            |       |       |       |    25 ||    25
       Potion            |       |       |       |     5 ||     5
  Eat: Chunk             |       |     7 |    19 |    31 ||    57
       Ration            |       |     1 |     1 |     1 ||     3
Armor: Animal skin       |    33 |     4 |       |       ||    37
       Ring mail         |       |    62 |       |       ||    62
       Chain mail        |       |    76 |   443 |   132 ||   651
       Plate armour      |       |       |       |   115 ||   115
       Leather armour    |       |       |       |    44 ||    44
Dodge: Dodged            |    55 |   147 |   333 |   290 ||   825
